 Dungeon Crawl Stone Soup version 0.31-a0-984-gbfb7dba898 (webtiles) character file.

Game seed: 10352287002290580741

1213 BinkBink the Trooper (level 8, -2/111 HPs)
             Began as a Minotaur Monk on Nov 3, 2023.
             Was a Believer of the Shining One.
             Killed from afar by a steam dragon (5 damage)
             ... with a ball of steam
             ... on level 6 of the Dungeon.
             The game lasted 00:05:08 (4868 turns).

BinkBink the Trooper (Minotaur Monk)                Turns: 4868, Time: 00:05:09

Health: -2/111     AC: 24    Str: 21    XL:     8   Next: 22%
Magic:  7/7        EV:  2    Int:  6    God:    the Shining One [**....]
Gold:   236        SH:  0    Dex: 13    Spells: 7/7 levels left

rFire   + . .        a - +0 hand axe
rCold   + . .        d - orb {light}
rNeg    + . .        b - melded +0 robe
rPois   +            (helmet currently unavailable)
rElec   +            (cloak currently unavailable)
rCorr   +            p - melded +0 pair of gloves
SInv    .            (boots currently unavailable)
Will    .....        (no amulet)
Stlth   +            (no ring)
HPRegen 0.38/turn    (no ring)
MPRegen 0.10/turn

%: no passive effects
@: tree-form, resistant, hasted, glowing, very quick
A: stationary, stasis, torment immunity, boosted hp, (horns 2), (retaliatory
headbutt), strong 1
a: Renounce Religion, Divine Shield


You were on level 6 of the Dungeon.
You worshipped the Shining One.
The Shining One was pleased with you.
You were a tree.
You visited 2 branches of the dungeon, and saw 7 of its levels.

You collected 250 gold pieces.
You spent 14 gold pieces at shops.

Inventory:

Hand Weapons
 a - a +0 hand axe (weapon)
Armour
 b - a +0 robe (melded)
 d - an orb of light (worn)
 p - a +0 pair of gloves (melded)
Jewellery
 t - an amulet of guardian spirit
Scrolls
 c - 3 scrolls of enchant weapon {unknown}
 e - 2 scrolls of blinking {unknown}
 g - 7 scrolls of identify {unknown}
 h - 3 scrolls of teleportation {unknown}
 i - 4 scrolls of fear {unknown}
 j - a scroll of torment {unknown}
 k - a scroll of silence {unknown}
 l - 2 scrolls of amnesia {unknown}
 q - a scroll of poison {unknown}
 s - 3 scrolls of vulnerability {unknown}
Potions
 f - a potion of enlightenment
 m - a potion of mutation
 u - a potion of degeneration


   Skills:
 + Level 7.8 Fighting
 + Level 7.7 Axes
 + Level 7.0 Dodging


You had 7 spell levels left.
You didn't know any spells.
Your spell library contained the following spells:

 Spells                   Type           Power      Damage    Failure   Level
 Ignite Poison            Fire/Tmut/Pois 0%         N/A       83%         3
 Sticky Flame             Conj/Fire      0%         2d3       99%         4
 Ignition                 Fire           0%         3d3       100%        8


Dungeon Overview and Level Annotations

Branches:
Dungeon (6/15)             Temple (1/1) D:5

Altars:
Ashenzari
Cheibriados
Dithmenos
Fedhas
Gozag
Kikubaaqudgha
Makhleb
Nemelex Xobeh
Okawaru
Qazlal
Ru
Trog
Uskayaw
Wu Jian
Xom
Zin
The Shining One

Shops:
D:2 (   D:6 !

Annotations:
D:6 1 runed translucent door, Crazy Yiuf


Innate Abilities, Weirdness & Mutations

You are a tree.
Your roots penetrate the ground, keeping you stationary.
You cannot be teleported.
You are immune to unholy pain and torment.
Your maximum health is greatly increased.
Your equipment is partially melded.
((You have a pair of horns on your head.))
((You reflexively headbutt those who attack you in melee.))
Your muscles are strong. (Str +4, Int/Dex -1)


Message History

The steam dragon is severely wounded.
The steam dragon bites you but does no damage.
The steam dragon claws you but does no damage.
An orc comes into view. It is wielding a +0 hand axe.
You hit the steam dragon but do no damage.
The steam dragon is severely wounded.
You hit the steam dragon but do no damage.
The steam dragon is severely wounded.
The steam dragon bites you but does no damage.
The steam dragon claws you but does no damage.
You hit the steam dragon but do no damage.
The steam dragon is severely wounded.
The steam dragon bites you but does no damage.
The steam dragon completely misses you.
Okay, then.
You hit the steam dragon but do no damage.
The steam dragon is severely wounded.
An orc comes into view. It is wielding a +0 mace.
You hit the steam dragon.
The steam dragon is severely wounded.
The steam dragon breathes steam at you. The ball of steam hits you. You resist.
* * * LOW HITPOINT WARNING * * *
You barely miss the steam dragon.
The steam dragon is severely wounded.
You hit the steam dragon but do no damage.
The steam dragon is severely wounded.
The steam dragon bites you but does no damage.
The steam dragon claws you but does no damage.
You hit the steam dragon but do no damage.
The steam dragon is severely wounded.
The steam dragon bites you but does no damage.
The steam dragon claws you but does no damage.
You completely miss the steam dragon.
The steam dragon is severely wounded.
You hit the steam dragon but do no damage.
The steam dragon is severely wounded.
The steam dragon breathes steam at you. The ball of steam hits you. You resist.
You die...

#.....§...# #####
#...§§..# #)..#
#...§...# #...#
#...§.§.# ...
#.......# #+#
#..o.)..# #.##
###o##### ##.#
##D##.## #.#
#..♣§.§#### ##.
#.###§§§..>+ #.# #.
#§§§#### ###..
#.###..## #....
#...### #.... ##.##
##.... #.# #'....
#.############.#...
#.##...............


You could see a steam dragon (catching breath) and 2 orcs.

Vanquished Creatures
  A steam dragon (D:6)
  A water moccasin (D:6)
  A black bear (D:4)
  2 kobold brigands (D:6)
  2 phantoms
  2 scorpions
  A hound (D:6)
  3 orc priests
  A gnoll bouda (D:4)
  2 iguanas
  3 orc wizards
  3 gnolls (D:4)
  10 adders
  5 worms
  2 dart slugs
  13 orcs
  6 ball pythons
  7 endoplasms
  2 giant cockroaches (D:2)
  3 goblins
  5 hobgoblins
  2 jackals (D:4)
  12 kobolds
  3 quokkas
  6 bats
  7 frilled lizards
  8 rats
113 creatures vanquished.

Notes
Turn   | Place    | Note
-------+----------+-------------------------------------------
     0 | D:1      | BinkBink the Minotaur Monk began the quest for the Orb.
     0 | D:1      | Reached XP level 1. HP: 19/19 MP: 0/0
   264 | D:1      | Reached XP level 2. HP: 27/27 MP: 1/1
  1042 | D:2      | Reached XP level 3. HP: 28/33 MP: 2/2
  1090 | D:2      | Found Rociumosk's Antique Weapon Boutique.
  1510 | D:2      | Found a faded altar of an unknown god.
  1652 | D:2      | Reached XP level 4. HP: 31/41 MP: 3/3
  2344 | D:4      | Noticed a scorpion
  2354 | D:4      | Killed a scorpion
  2355 | D:4      | Reached skill level 5 in Fighting
  2355 | D:4      | Reached skill level 5 in Axes
  2355 | D:4      | Reached XP level 5. HP: 40/48 MP: 4/4
  2483 | D:4      | Reached skill level 5 in Dodging
  2656 | D:4      | Reached XP level 6. HP: 56/56 MP: 5/5
  2747 | D:4      | Found a snail-covered altar of Cheibriados.
  2771 | D:4      | Found a broken altar of Ashenzari.
  2809 | D:4      | Gained mutation: Your muscles are strong. (Str +4, Int/Dex
                  | -1) [potion of mutation]
  2992 | D:4      | Reached XP level 7. HP: 56/64 MP: 6/6
  3237 | D:5      | Entered Level 5 of the Dungeon
  3237 | D:5      | Found a staircase to the Ecumenical Temple.
  3313 | Temple   | Entered the Ecumenical Temple
  3354 | Temple   | Became a worshipper of the Shining One
  3354 | Temple   | Reached * piety under the Shining One
  3354 | Temple   | Reached ** piety under the Shining One
  3914 | D:6      | Noticed a steam dragon
  3922 | D:6      | Killed a steam dragon
  4020 | D:6      | Found a burning altar of Makhleb.
  4217 | D:6      | Found Uxeaty Piciy's Distillery.
  4222 | D:6      | Bought a potion of degeneration for 14 gold pieces
  4265 | D:6      | Found a runed translucent door.
  4266 | D:6      | Noticed Crazy Yiuf
  4332 | D:6      | Reached XP level 8. HP: 57/73 MP: 7/7
  4609 | D:6      | Found a hide-covered altar of Uskayaw.
  4848 | D:6      | HP: 4/111 [steam dragon (5)]
  4856 | D:6      | HP: 2/111 [steam dragon/ball of steam (3)]
  4863 | D:6      | HP: 2/111 [steam dragon/ball of steam (2)]
  4868 | D:6      | Killed from afar by a steam dragon

Illustrated notes

Levels and vault maps discovered:
D:1:      psy_arrival_radial02, layout_basic
D:2:      layout_basic, hellmonk_ecumenical_altar_leap_of_faith, serial_shops,
          nicolae_shop_just_a_little_nook
D:3:      layout_basic
D:4:      layout_rooms, mainiacjoe_overflow_catch_the_wave
D:5:      layout_rooms, minmay_temple_entry_proselytizer
D:6:      layout_loops_corners, lemuel_doored_altar,
          nicolae_uskayaw_dance_studio, serial_shops,
          nicolae_shop_rolling_square, uniq_crazy_yiuf_cottage
Temple:   dshaligram_water_room_temple

Skill      XL: |  1  2  3  4  5  6  7  8 |
---------------+-------------------------+-----
Fighting       | 4 5 6 7 |  7.8
Axes           | 4 5 6 7 |  7.7
Dodging        | 4 5 6 7 |  7.0

Action                     |  1- 3 |  4- 6 |  7- 9 || total
---------------------------+-------+-------+-------++-------
  Melee: Hand axe          |    73 |    85 |   111 ||   269
         Headbutt          |     7 |    25 |    19 ||    51
    Use: Potion            |       |     4 |     3 ||     7
 Armour: Robe              |    46 |    54 |    47 ||   147
         Skin              |       |       |    30 ||    30
  Dodge: Dodged            |    47 |    77 |    55 ||   179

Table legend: (Time is in decaauts)
 A = Elapsed time spent in this place.
 B = Non-inter-level travel time spent in this place.
 C = Inter-level travel time spent in this place.
 D = Time resting spent in this place.
 E = Time spent auto-exploring this place.
 F = Levels seen in this place.
 G = Mean time per level.
                   A        B        C        D        E       F      G
               +--------+--------+--------+--------+--------+-----+--------+
         Total |   4866 |   4724 |    142 |    226 |   3885 |   7 |  695.1 |
       Dungeon |   4815 |   4721 |     94 |    226 |   3885 |   6 |  802.5 |
        Temple |     50 |      2 |     48 |      0 |      0 |   1 |   50.0 |
               +--------+--------+--------+--------+--------+-----+--------+

Top non-repeatable levels by time:
     D:6: 993 daAuts
     D:1: 993 daAuts
     D:2: 799 daAuts
     D:4: 762 daAuts
     D:3: 698 daAuts
     D:5: 567 daAuts
  Temple: 50 daAuts
